 Dungeon Crawl Stone Soup version 0.26.0-10-g1f06aea511 (webtiles) character file.

Game seed: 11460525971608449683

23 MisterFreud the Firebug (level 3, 0/28 HPs)
             Began as a Formicid Fire Elementalist on Jan 16, 2021.
             Was an Initiate of Qazlal.
             Succumbed to an adder's poison
             ... on level 7 of the Dungeon.
             The game lasted 00:03:49 (1808 turns).

MisterFreud the Firebug (FoFE)                      Turns: 1808, Time: 00:03:50

Health: 0/28       AC:  2    Str: 13    XL:     3   Next: 12%
Magic:  6/6        EV: 12    Int: 14    God:    Qazlal [......]
Gold:   61         SH:  0    Dex: 11    Spells: 5/6 levels left

rFire    . . .     SeeInvis +   d - +0 short sword
rCold    . . .     Faith    .   (no shield)
rNeg     . . .     Spirit   .   a - +0 robe
rPois    .         Reflect  .   (helmet unavailable)
rElec    .         Harm     .   (no cloak)
rCorr    .         Rampage  .   (no gloves)
Will     .....                  (no boots)
Stlth    ++........             (no amulet)
HPRegen  0.09/turn              e - ring of flight
MPRegen  0.10/turn              (no ring)

@: lethally poisoned (0 -> -2)
A: permanent stasis, dig shafts and tunnels, four strong arms, antennae 3
a: Dig, Shaft Self, Renounce Religion, Evoke Flight


You were on level 7 of the Dungeon.
You worshipped Qazlal.
Qazlal was noncommittal.
You visited 1 branch of the dungeon, and saw 7 of its levels.

You collected 61 gold pieces.

Inventory:

Hand Weapons
 b - a +0 dagger
 d - a +0 short sword (weapon)
Armour
 a - a +0 robe (worn)
Jewellery
 e - a ring of flight (left hand)
Scrolls
 c - a scroll of identify {unknown}
 h - a scroll of enchant weapon {unknown}
Potions
 f - 2 potions of attraction {unknown}
 g - a potion of flight {unknown}
 i - 2 potions of degeneration {unknown}


   Skills:
 + Level 2.8 Fighting
 - Level 1.7 Dodging
 - Level 2.4 Stealth
 - Level 2.1 Spellcasting
 - Level 0.8 Conjurations
 - Level 3.0 Fire Magic


You had 5 spell levels left.
You knew the following spells:

 Your Spells              Type           Power        Failure   Level
a - Foxfire               Conj/Fire      24%          11%         1

Your spell library contained the following spells:

 Spells                   Type           Power        Failure   Level
 Conjure Flame            Conj/Fire      6%           32%         3
 Inner Flame              Hex/Fire       5%           36%         3
 Sticky Flame             Conj/Fire      6%           71%         4
 Fireball                 Conj/Fire      3%           96%         5


Dungeon Overview and Level Annotations

Branches:
Dungeon (6/15)
 Temple: D:4-7

Altars:
Qazlal

Annotations:
D:2 Sigmund


Innate Abilities, Weirdness & Mutations

You cannot be hasted, slowed, berserked, paralysed or teleported.
You can dig through walls and to a lower floor.
Your four strong arms can wield two-handed weapons with a shield.
You have a pair of large antennae on your head. (SInv)


Message History

Unknown command.
Unknown command.
Unknown command.
Unknown command.
Unknown command.
Are you sure you want to shaft yourself?
Unknown command.
Are you sure you want to shaft yourself?
The howler monkey barely misses you. The adder barely misses you.
The leopard gecko bites you but does no damage.
The howler monkey hoots and howls with incredible vigour!
You begin to dig a shaft.
You continue digging a shaft.
The adder closely misses you. The leopard gecko bites you.
* * * LOW HITPOINT WARNING * * *
The howler monkey misses you. The adder bites you.
* * * LOW HITPOINT WARNING * * *
A shaft appears beneath you!
You fall into a shaft and drop 2 floors!
The shaft crumbles and collapses.
You die...

##########
.........#
.........#
#.......#
#.......#
#.......#
#.....@.#
..########


There were no monsters in sight!

Vanquished Creatures
  A dart slug (D:1)
  A leopard gecko (D:1)
  A ball python (D:2)
  4 hobgoblins
  A quokka (D:2)
  4 bats
  A frilled lizard (D:1)
  6 kobolds
19 creatures vanquished.

Vanquished Creatures (others)
  13 foxfires
13 creatures vanquished.

Grand Total: 32 creatures vanquished

Notes
Turn   | Place    | Note
-------+----------+-------------------------------------------
     0 | D:1      | MisterFreud the Formicid Fire Elementalist began the quest
                  | for the Orb.
     0 | D:1      | Reached XP level 1. HP: 13/13 MP: 3/3
   285 | D:1      | Reached skill level 1 in Fighting
   311 | D:1      | Reached XP level 2. HP: 13/21 MP: 5/5
  1097 | D:2      | Reached XP level 3. HP: 13/28 MP: 4/6
  1268 | D:2      | Found a stormy altar of Qazlal.
  1271 | D:2      | Became a worshipper of Qazlal Stormbringer
  1454 | D:2      | Noticed Sigmund
  1543 | D:3      | You fall into a shaft and drop 3 floors!
  1790 | D:5      | Entered Level 5 of the Dungeon
  1795 | D:5      | Noticed a centaur
  1807 | D:5      | Noticed a scorpion
  1807 | D:5      | HP: 1/28 [adder (5)]
  1808 | D:5      | You fall into a shaft and drop 2 floors!
  1808 | D:7      | Succumbed to an adder's poison

Illustrated notes

Levels and vault maps discovered:
D:1:      roderic_chinese_lattice_arrival, layout_loops_cross
D:2:      layout_basic, lemuel_doored_altar, minitemple, kennysheep_donut,
          uniq_sigmund, uniq_crazy_yiuf_cottage
D:3:      layout_loops_ring, lemuel_crystal_altar, uniq_grinder, uniq_terence
D:4:      layout_rooms, st_stairs_6
D:5:      layout_loops_ring, uniq_duvessa
D:6:      layout_rooms, grunt_temple_overflow_order_and_chaos_2,
          evilmike_ruin_ashenzari, temple_statues, basic_altar
D:7:      layout_rooms, nicolae_gozag_seed_capital, corner_web_ring,
          chequers_mini_garden

Skill      XL: |  1  2 |
---------------+-------+-----
Fighting       | 1 2 |  2.8
Dodging        | |  1.7
Stealth        | |  2.4
Spellcasting   | |  2.1
Conjurations   | |  0.8
Fire Magic     | |  3.0

Action                   || total
-------------------------++-------
Melee: Short sword       ||    63
       Unarmed           ||     7
 Cast: Foxfire           ||     7
 Abil: Shaft Self        ||     2
       Dig               ||     1
  Use: Scroll            ||     1
 Stab: Sleeping          ||     3
Armor: Robe              ||    21
Dodge: Dodged            ||    70
